 Dungeon Crawl Stone Soup version 0.28.0 (webtiles) character file.

Game seed: 627681605141582592

8132 mopl the Martial Artist (level 11, 0/117 HPs)
             Began as a Djinni Transmuter on Feb 14, 2022.
             Was a Priest of Cheibriados.
             Slain by a manticore (6 damage)
             ... on level 9 of the Dungeon.
             The game lasted 00:20:44 (12756 turns).

mopl the Martial Artist (Djinni Transmuter)        Turns: 12756, Time: 00:20:45

Health: 0/117      AC: 21    Str: 19    XL:     11   Next: 50%
Gold:   1030       EV:  6    Int: 21    God:    Cheibriados [***...] SH:  0 Dex: 20

rFire   + + .      SeeInvis +     - Unarmed
rCold   x . .      Faith    .   (no shield)
rNeg    . . .      Spirit   .   C - +9 plate armour {ponderous}
rPois   ∞          Reflect  .   A - +0 helmet {SInv}
rElec   .          Harm     .   (no cloak)
rCorr   .          Rampage  .   (no gloves)
Will    ++...                   (boots unavailable)
Stlth   ..........              a - amulet of the acrobat
HPRegen 0.29/turn               m - ring of wizardry
MPRegen 0.00/turn               r - ring of willpower

@: berserking, flying, very slow
A: sickness immunity, fire resistance 2, cold vulnerability 1, float, innate
caster, HP casting, extra vitality 1
a: Renounce Religion, Bend Time, Temporal Distortion


You were on level 9 of the Dungeon.
You worshipped Cheibriados.
Cheibriados was most pleased with you.
You visited 2 branches of the dungeon, and saw 10 of its levels.
You also visited: Ossuary and Bailey.

You collected 1264 gold pieces.
You spent 234 gold pieces at shops.

Inventory:

Hand Weapons
 b - a +4 trident of venom
Missiles
 d - 238 stones
 q - 33 boomerangs
 z - 5 poisoned darts
 D - 56 sling bullets
 E - a throwing net
Armour
 A - a +0 helmet of see invisible (worn)
 B - +0 steam dragon scales
 C - a +9 plate armour of ponderousness (worn)
Magical Staves
 g - a staff of fire
 w - a staff of air
Jewellery
 a - an amulet of the acrobat (around neck)
 m - a ring of wizardry (left hand)
 r - a ring of willpower (right hand)
 y - a ring of protection from fire
 G - a +4 ring of protection
Wands
 t - a wand of mindburst (9)
 v - a wand of iceblast (9)
Scrolls
 e - a scroll of torment {!r}
 f - 12 scrolls of teleportation
 j - a scroll of acquirement {unknown}
 k - 2 scrolls of magic mapping
 n - a scroll of vulnerability
 o - 2 scrolls of silence {unknown}
 u - a scroll of immolation
 x - a scroll of summoning
 F - a scroll of identify
Potions
 c - 2 potions of brilliance
 i - a potion of cancellation
 l - 3 potions of curing
 p - 2 potions of might
 s - 5 potions of flight


   Skills:
 + Level 6.4 Fighting
 + Level 1.5 Throwing
 + Level 3.1 Armour
 - Level 2.1 Dodging
 * Level 11.3 Unarmed Combat
 + Level 6.2 Spellcasting
 + Level 7.4 Invocations


You couldn't memorise any spells.
You knew the following spells:

 Your Spells              Type           Power      Damage    Failure   Level
a - Beastly Appendage     Tmut           64%        N/A       11%         1
b - Spider Form           Tmut/Pois      32%        N/A       30%         3
c - Sting                 Tmut/Pois      100%       1d8       11%         1
d - Ice Form              Ice/Tmut       32%        N/A       67%         4
e - Scorch                Fire           64%        2d8       16%         2
f - Conjure Flame         Conj/Fire      32%        6-21      30%         3
g - Iskenderun's Mystic   Conj/Tloc      32%        2d8       67%         4
h - Leda's Liquefaction   Hex/Erth       16%        N/A       67%         4
w - Wereblood             Tmut           32%        N/A       16%         2
Your spell library was empty.

Dungeon Overview and Level Annotations

Branches:
Dungeon (9/15)             Temple (1/1) D:6             Orc (0/2) D:9
Ossuary (visited)          Bailey (visited)
   Lair: D:8-11

Altars:
Ashenzari
Cheibriados
Dithmenos
Elyvilon
Fedhas
Hepliaklqana
Kikubaaqudgha
Makhleb
Nemelex Xobeh
Qazlal
Ru
Sif Muna
Trog
Uskayaw
Wu Jian
Yredelemnul
The Shining One

Shops:
D:3 *   D:4 =   D:9 [(

Annotations:
D:3 dig


Innate Abilities, Weirdness & Mutations

You are immune to sickness and miasma.
You are immune to poison.
Your flesh is very heat resistant. (rF++)
You are vulnerable to cold. (rC-)
You float through the air rather than walking.
You learn spells naturally, not from books.
Your magical power is your life essence.
You have superior vitality. (+4 MHP)


Message History

The shadow is almost destroyed.
The shadow slips into darkness.
The shadow flickers and vanishes for a moment.
The manticore barely misses you.
The manticore claws you but does no damage. x2
You punch the shadow!
You destroy the shadow!
Cheibriados appreciates the change of pace.
The manticore bites you!
* * * LOW HITPOINT WARNING * * *
The manticore claws you.
* * * LOW HITPOINT WARNING * * *
The manticore claws you but does no damage.
Okay, then.
Really quaff
h - a potion of berserk rage {!q}?
A red film seems to cover your vision as you go berserk!
Cheibriados forces you to slow down.
You feel mighty!
The manticore bites you but does no damage.
The manticore claws you.
* * * LOW HITPOINT WARNING * * *
The manticore barely misses you.
You punch the manticore! Your punch misses the manticore.
The manticore is moderately wounded.
The kobold hits you with a +0 whip.
* * * LOW HITPOINT WARNING * * *
Unknown command.
You punch the manticore!
The manticore is severely wounded.
The manticore barely misses you.
The manticore claws you but does no damage.
The manticore claws you.
* * * LOW HITPOINT WARNING * * *
The kobold hits you but does no damage.
You barely miss the manticore.
The manticore is severely wounded.
The manticore bites you but does no damage.
The manticore claws you but does no damage.
The manticore claws you.
You die...

#.# ....... #.. #.#.#..
#.# ...... #.# . .....
### ##.. #.##...
#.#########..# .......
#.##.........#
#..†####.##.........[
#..†@K....#.........#
......H##....#..........
..........<..#........##
...........(............
#..#.......#..........##
.. ..........#####......
. .#########.. ####.##
.. #.## #.# ..# #.##


You could see a manticore and a kobold.

Vanquished Creatures
  Harold (D:7)
  Pikel (Temple)
  An orc knight (Bailey)
  Maggie (D:7)
  A hornet (D:9)
  A shadow (D:9)
  A wraith (Ossuary)
  A wyvern (D:9)
  12 yaks
  A steam dragon (D:9)
  Menkaure (D:6)
  A water moccasin (D:9)
  A hornet zombie (D:6)
  A black bear (D:6)
  3 sky beasts (D:6)
  9 orc warriors
  2 ogres
  4 centaurs
  A kobold brigand (D:9)
  3 lemures (Temple)
  2 gnoll sergeants
  2 scorpions
  A water moccasin zombie (D:4)
  2 water moccasin skeletons
  3 killer bees (D:4)
  4 wights (D:8)
  A howler monkey (D:8)
  A crimson imp (D:4)
  3 hounds
  A centaur zombie (D:4)
  2 gnoll shamans
  A bullfrog skeleton (D:6)
  2 iguanas
  3 jellies
  2 centaur skeletons
  2 scorpion zombies
  Ijyb (D:5)
  3 orc wizards
  5 hound zombies
  A hound skeleton (D:4)
  A mummy (Ossuary)
  2 howler monkey zombies
  6 adders
  22 gnolls
  4 white imps
  2 adder zombies (D:4)
  An adder skeleton (D:4)
  3 dart slugs
  15 orcs
  6 endoplasms
  7 giant cockroaches
  12 goblins
  3 hobgoblins
  5 jackals (D:3)
  22 kobolds
  4 quokkas
  4 ball pythons
  5 bats
  2 frilled lizards
  3 gnoll skeletons (Ossuary)
  A jackal zombie (D:4)
  5 kobold skeletons (Ossuary)
  9 orc skeletons (Ossuary)
  7 rats
240 creatures vanquished.

Notes
Turn   | Place    | Note
-------+----------+-------------------------------------------
     0 | D:1      | mopl the Djinni Transmuter began the quest for the Orb.
     0 | D:1      | Reached XP level 1. HP: 17/17 MP: 0/0
   321 | D:1      | Reached XP level 2. HP: 14/22 MP: 0/0
   641 | D:1      | Reached skill level 2 in Spellcasting
   746 | D:1      | Reached XP level 3. HP: 27/27 MP: 0/0
   746 | D:1      | Learned a level 1 spell: Sting
   757 | D:1      | Found a faded altar of an unknown god.
   769 | D:1      | Prayed at the altar of an unknown god.
   769 | D:1      | Became a worshipper of the Shining One
   769 | D:1      | Reached * piety under the Shining One
  1746 | D:3      | Reached XP level 4. HP: 16/32 MP: 0/0
  1920 | D:3      | Found Joores Fasy's General Store.
  1945 | D:3      | Reached skill level 4 in Unarmed Combat
  1945 | D:3      | Reached skill level 1 in Invocations
  1954 | D:3      | Bought a scroll of identify for 24 gold pieces
  1954 | D:3      | Bought a scroll of teleportation for 36 gold pieces
  1954 | D:3      | Bought a potion of curing for 36 gold pieces
  2509 | D:3      | Reached XP level 5. HP: 18/37 MP: 0/0
  2509 | D:3      | Learned a level 2 spell: Scorch
  2938 | D:4      | Found Negeutza's One-of-a-Kind Rings.
  2992 | D:4      | Reached ** piety under the Shining One
  3096 | D:4      | Reached skill level 2 in Invocations
  3096 | D:4      | Reached XP level 6. HP: 22/42 MP: 0/0
  3260 | D:4      | Noticed an ogre
  3262 | D:4      | Reached skill level 5 in Unarmed Combat
  3270 | D:4      | Killed an ogre
  3271 | D:4      | Reached skill level 3 in Spellcasting
  3499 | D:4      | Reached XP level 7. HP: 38/47 MP: 0/0
  3499 | D:4      | Learned a level 3 spell: Conjure Flame
  3608 | D:4      | Found a glowing golden altar of the Shining One.
  3688 | D:4      | Reached skill level 3 in Invocations
  3690 | D:4      | Reached skill level 6 in Unarmed Combat
  3960 | D:4      | Found a blossoming altar of Fedhas.
  4368 | D:4      | Reached XP level 8. HP: 52/52 MP: 0/0
  4587 | D:5      | Entered Level 5 of the Dungeon
  4616 | D:5      | Reached *** piety under the Shining One
  4746 | D:5      | Reached skill level 7 in Unarmed Combat
  4786 | D:5      | Reached skill level 4 in Invocations
  5364 | D:5      | Found a shadowy altar of Dithmenos.
  5364 | D:5      | Found a sparkling altar of Nemelex Xobeh.
  5377 | D:5      | Found a hazy altar of Hepliaklqana.
  5387 | D:5      | Noticed Ijyb
  5400 | D:5      | Killed Ijyb
  5751 | D:6      | Noticed a yak
  5751 | D:6      | Noticed a yak
  5751 | D:6      | Noticed a yak
  5751 | D:6      | Noticed a yak
  5751 | D:6      | Noticed a yak
  5751 | D:6      | Noticed a yak
  5766 | D:6      | Killed a yak
  5767 | D:6      | Reached skill level 2 in Fighting
  5767 | D:6      | Reached skill level 4 in Spellcasting
  5771 | D:6      | Killed a yak
  5788 | D:5      | Killed a yak
  5789 | D:5      | Reached XP level 9. HP: 24/59 MP: 0/0
  5789 | D:5      | Learned a level 4 spell: Iskenderun's Mystic Blast
  6011 | D:6      | Reached skill level 3 in Fighting
  6011 | D:6      | Reached skill level 8 in Unarmed Combat
  6541 | D:6      | Reached skill level 5 in Invocations
  6550 | D:6      | Found a staircase to the Ecumenical Temple.
  6569 | D:6      | Noticed Pikel
  6578 | Temple   | Entered the Ecumenical Temple
  6946 | Temple   | Killed Pikel
  7310 | D:6      | Noticed Menkaure
  7325 | D:6      | Killed Menkaure
  7326 | D:6      | Reached skill level 4 in Fighting
  7573 | D:6      | Reached skill level 9 in Unarmed Combat
  7888 | D:6      | Reached skill level 5 in Spellcasting
  7888 | D:6      | Reached XP level 10. HP: 60/69 MP: 0/0
  8296 | D:7      | Noticed Harold
  8301 | D:6      | Reached skill level 6 in Invocations
  8519 | D:7      | Reached **** piety under the Shining One
  8778 | D:7      | Found a snail-covered altar of Cheibriados.
  8781 | D:7      | Noticed Maggie
  8852 | D:7      | Killed Maggie
  8853 | D:7      | Reached skill level 5 in Fighting
  8876 | D:7      | Fell from the grace of the Shining One
  8876 | D:7      | Became a worshipper of Cheibriados the Contemplative
  8902 | D:7      | Reached skill level 10 in Unarmed Combat
  9486 | D:7      | Killed Harold
 10003 | D:8      | Found a sand-covered staircase.
 10017 | Ossuary  | Entered an ossuary
 10154 | Ossuary  | Reached * piety under Cheibriados
 10197 | D:8      | Found a flagged portal.
 10207 | Bailey   | Entered a bailey
 10248 | Bailey   | Noticed an orc knight
 10303 | Bailey   | Killed an orc knight
 10304 | Bailey   | Reached skill level 1 in Armour
 10667 | Bailey   | Reached XP level 11. HP: 63/76 MP: 0/0
 10667 | Bailey   | Learned a level 4 spell: Leda's Liquefaction
 10672 | Bailey   | Reached skill level 7 in Invocations
 10676 | Bailey   | Reached ** piety under Cheibriados
 11118 | D:8      | Reached skill level 6 in Fighting
 11118 | D:8      | Reached skill level 2 in Armour
 11474 | D:8      | Reached skill level 6 in Spellcasting
 12115 | D:9      | Reached skill level 11 in Unarmed Combat
 12174 | D:9      | Found Nunkaer's Armour Shoppe.
 12174 | D:9      | Found a staircase to the Orcish Mines.
 12177 | D:9      | Found Ynial's Weapon Shoppe.
 12181 | D:9      | Bought a +0 helmet of see invisible for 138 gold pieces
 12288 | D:9      | Found a stormy altar of Qazlal.
 12371 | D:9      | Reached skill level 1 in Throwing
 12401 | D:9      | Reached *** piety under Cheibriados
 12726 | D:9      | Reached skill level 3 in Armour
 12729 | D:9      | Noticed a manticore
 12756 | D:9      | Slain by a manticore

Illustrated notes

Levels and vault maps discovered:
D:1:      wander_arrival_peaceful_grave, layout_basic,
          shapermc_ecumenical_altar_rom_forum, grunt_decor_arrowhead,
          minmay_worlds_worst_comb
D:2:      layout_loops_cross
D:3:      layout_rooms, serial_shops, shop, due_unseen_surprise
D:4:      layout_cave_pools, grunt_temple_overflow_growth_and_decay, tso_altar,
          serial_undead, serial_undead_c, serial_undead_e, serial_undead_a,
          serial_undead_a, serial_undead_e, serial_undead_f, grunt_ministairs_7,
          nicolae_shop_unique_rings, roderic_serpentine_path,
          hangedman_decor_slide_cut, minmay_fire_ice_demons
D:5:      layout_basic, mainiacjoe_overflow_chevrons,
          gammafunk_temple_overflow_wave, uniq_ijyb
D:6:      layout_loops_ring, minmay_temple_entry_glass, serial_glass,
          glass_columns_a, glass_columns_a, minmay_strange_pillars,
          item_on_display_a, uniq_pikel, uniq_menkaure
D:7:      layout_basic, mainiacjoe_overflow_alcove_4, uniq_harold, uniq_maggie
D:8:      layout_gridville, nicolae_ossuary_entry_monument, enter_bailey_5,
          nicolae_zen_rock_garden, minmay_fractal_squares_gapless_5
D:9:      layout_basic, nicolae_qazlal_general_emergency, vehumet_statue,
          minitemple, orc_david_3
Temple:   nicolae_temple_figure_zero

Skill      XL: |  1  2  3  4  5  6  7  8  9 10 11 |
---------------+----------------------------------+-----
Spellcasting   | 2 3 4 5 6 |  6.2
Unarmed Combat | 4 5 6 7 9 10 11 | 11.3
Invocations    | 1 2 3 4 5 6 7 |  7.4
Fighting       | 2 4 5 6 |  6.4
Armour         | 1 3 |  3.1
Throwing       | 1 |  1.5
Dodging        | |  2.1

Action                   |  1- 3 |  4- 6 |  7- 9 | 10-12 || total
-------------------------+-------+-------+-------+-------++-------
Melee: Unarmed           |    99 |    99 |   236 |   259 ||   693
       Headbutt          |    12 |    10 |       |     3 ||    25
       Punch             |     2 |     1 |     3 |    26 ||    32
       Trident           |       |       |       |   171 ||   171
 Cast: Beastly Appendage |    13 |     6 |       |     3 ||    22
       Spider Form       |       |     4 |    11 |     3 ||    18
       Ice Form          |       |     1 |     9 |       ||    10
       Conjure Flame     |       |       |     1 |       ||     1
       Wereblood         |       |       |       |     1 ||     1
Evoke: Wand              |       |       |       |    13 ||    13
  Use: Scroll            |       |     2 |     1 |    12 ||    15
       Potion            |       |       |       |     1 ||     1
 Stab: Sleeping          |     4 |       |       |       ||     4
Armor: Robe              |    15 |    19 |    15 |     2 ||    51
       Skin              |       |     1 |    36 |       ||    37
       Plate armour      |       |       |       |   261 ||   261
Dodge: Dodged            |    53 |    72 |   167 |   133 ||   425
